 Dungeon Crawl Stone Soup version 0.28-a0-1435-g82390b3a13 (webtiles) character file.

Game seed: 12241041236732042096

448 Gargoyl the Skirmisher (level 7, -1/59 HPs)
             Began as a Gnoll Abyssal Knight on Jan 9, 2022.
             Was a Follower of Lugonu.
             Slain by a killer bee (7 damage)
             ... on level 4 of the Dungeon.
             The game lasted 00:03:26 (3011 turns).

Gargoyl the Skirmisher (Gnoll Abyssal Knight)       Turns: 3011, Time: 00:03:27

Health: -1/59      AC: 13    Str: 14    XL:     7   Next: 3%
Magic:  3/3        EV:  5    Int:  9    God:    Lugonu [*.....]
Gold:   121        SH:  5    Dex: 13    Spells: 10/10 levels left

rFire   . . .      SeeInvis .   b - +5 hand axe (antimagic)
rCold   . . .      Faith    .   (no shield)
rNeg    . . .      Spirit   .   i - +1 plate armour
rPois   .          Reflect  +   (no helmet)
rElec   .          Harm     .   (no cloak)
rCorr   .          Rampage  .   (no gloves)
Will    .....                   (no boots)
Stlth   ..........              f - amulet of reflection
HPRegen 0.19/turn               (no ring)
MPRegen 0.08/turn               (no ring)

@: mighty, lethally poisoned (-1 -> -2)
A: fangs 1, strong nose, distributed training
a: Renounce Religion, Depart the Abyss


You were on level 4 of the Dungeon.
You worshipped Lugonu.
Lugonu was aware of your devotion.
You visited 1 branch of the dungeon, and saw 4 of its levels.
You visited the Abyss 1 time.

You collected 121 gold pieces.

Inventory:

Hand Weapons
 a - a +1 hand axe
 b - a +5 antimagic hand axe (weapon)
Missiles
 e - 5 poisoned darts (quivered)
Armour
 i - a +1 plate armour (worn)
Jewellery
 f - an amulet of reflection (around neck)
Scrolls
 g - a scroll of vulnerability {unknown}
Potions
 c - a potion of might
 d - 2 potions of resistance {unknown}


   Skills:
 + Level 6.9 Fighting
 + Level 2.2 Short Blades
 + Level 2.2 Long Blades
 + Level 5.1 Axes
 + Level 2.2 Maces & Flails
 + Level 2.2 Polearms
 + Level 2.2 Staves
 + Level 2.2 Slings
 + Level 2.2 Bows
 + Level 2.2 Crossbows
 + Level 2.2 Throwing
 + Level 5.1 Armour
 + Level 3.4 Dodging
 + Level 2.2 Stealth
 + Level 2.2 Shields
 + Level 2.2 Unarmed Combat
 + Level 2.2 Spellcasting
 + Level 1.8 Conjurations
 + Level 1.8 Hexes
 + Level 1.8 Summonings
 + Level 1.8 Necromancy
 + Level 1.8 Translocations
 + Level 1.8 Transmutations
 + Level 1.8 Fire Magic
 + Level 1.8 Ice Magic
 + Level 1.8 Air Magic
 + Level 1.8 Earth Magic
 + Level 1.8 Poison Magic
 + Level 5.2 Invocations
 + Level 2.2 Evocations


You had 10 spell levels left.
You didn't know any spells.
Your spell library contained the following spells:

 Spells                   Type           Power      Damage    Failure   Level
 Summon Guardian Golem    Hex/Summ       4%         N/A       100%        3
 Leda's Liquefaction      Hex/Erth       2%         N/A       100%        4
 Summon Forest            Summ/Tloc      2%         N/A       100%        5


Dungeon Overview and Level Annotations

Branches:
Dungeon (4/15)
 Temple: D:4-7

Altars:

Shops:
D:2 :


Innate Abilities, Weirdness & Mutations

You have very sharp teeth.
Your uncanny sense of smell can sniff out nearby items.
Your experience applies equally to all skills.


Message History

The killer bee poisons you! The killer bee completely misses you.
You slash the killer bee!
The killer bee is severely wounded.
You feel sick. You block the killer bee's attack. The killer bee stings you.
You are more poisoned.
The killer bee poisons you!
Unknown command.
You miss the killer bee.
The killer bee is severely wounded.
You feel very sick. You block the killer bee's attack.
The killer bee barely misses you. x2
Unknown command.
You hit the killer bee.
You kill the killer bee!
Lugonu accepts your kill.
You feel sick.
The killer bee stings you but does no damage.
You have reached level 7!
You miss the killer bee.
You feel sick. You block the killer bee's attack.
The killer bee stings you but does no damage.
Unknown command.
You miss the killer bee.
You feel sick. The killer bee barely misses you. The killer bee stings you.
* * * LOW HITPOINT WARNING * * *
You closely miss the killer bee.
You feel sick.
The killer bee stings you but does no damage. x2
You closely miss the killer bee. Your bite misses the killer bee.
You feel sick.
The killer bee stings you but does no damage. x2
Unknown command.
You miss the killer bee.
You feel sick.
The killer bee stings you but does no damage.
The killer bee stings you.
* * * LOW HITPOINT WARNING * * *
Unknown command.
You barely miss the killer bee.
You feel sick. The killer bee stings you.
* * * LOW HITPOINT WARNING * * *
The killer bee stings you but does no damage.
The killer bee stings you!
You die...

............# #.#
.#....###...# #.#####
.#....###...####.#...###
...................$....
.................#>..###
............>....# #..yy
.........#######.# ###
>##...##.# #y#
###...##.# #@#
##....##.# #.#
...#..##.# #..
.........# #..#
......#### ##.# .####.#
.# # #.# .# #.# .# #.#


You could see a killer bee.

Vanquished Creatures
  A water moccasin (D:3)
  4 killer bees (D:4)
  Natasha (thrice) (D:3)
  5 adders
  An ufetubus (D:4)
  A worm (D:3)
  2 dart slugs
  3 orcs (D:3)
  3 endoplasms
  4 hobgoblins
  3 jackals (D:2)
  A kobold (D:4)
  A quokka (D:1)
  6 ball pythons
  3 bats
  2 frilled lizards
  4 goblins
  3 rats
50 creatures vanquished.

Notes
Turn   | Place    | Note
-------+----------+-------------------------------------------
     0 | Abyss:1  | Gargoyl the Gnoll Abyssal Knight began the quest for the
                  | Orb.
     0 | Abyss:1  | Reached XP level 1. HP: 23/23 MP: 3/3
     0 | D:1      | Escaped the Abyss
   300 | D:1      | Reached XP level 2. HP: 27/29 MP: 5/5
   321 | D:1      | Reached * piety under Lugonu
   669 | D:1      | Found a faded altar of an unknown god.
   819 | D:2      | Got the Handbook of Supportive Clay
   928 | D:2      | Reached XP level 3. HP: 27/35 MP: 6/6
  1006 | D:2      | Found Ewkakhiu's Book Shop.
  1884 | D:3      | Noticed a water moccasin
  1911 | D:3      | Killed a water moccasin
  1912 | D:3      | Reached skill level 1 in Short Blades
  1912 | D:3      | Reached skill level 1 in Long Blades
  1912 | D:3      | Reached skill level 1 in Maces & Flails
  1912 | D:3      | Reached skill level 1 in Polearms
  1912 | D:3      | Reached skill level 1 in Staves
  1912 | D:3      | Reached skill level 1 in Slings
  1912 | D:3      | Reached skill level 1 in Bows
  1912 | D:3      | Reached skill level 1 in Crossbows
  1912 | D:3      | Reached skill level 1 in Throwing
  1912 | D:3      | Reached skill level 1 in Stealth
  1912 | D:3      | Reached skill level 1 in Shields
  1912 | D:3      | Reached skill level 1 in Unarmed Combat
  1912 | D:3      | Reached skill level 1 in Spellcasting
  1912 | D:3      | Reached skill level 1 in Conjurations
  1912 | D:3      | Reached skill level 1 in Hexes
  1912 | D:3      | Reached skill level 1 in Summonings
  1912 | D:3      | Reached skill level 1 in Necromancy
  1912 | D:3      | Reached skill level 1 in Translocations
  1912 | D:3      | Reached skill level 1 in Transmutations
  1912 | D:3      | Reached skill level 1 in Fire Magic
  1912 | D:3      | Reached skill level 1 in Ice Magic
  1912 | D:3      | Reached skill level 1 in Air Magic
  1912 | D:3      | Reached skill level 1 in Earth Magic
  1912 | D:3      | Reached skill level 1 in Poison Magic
  1912 | D:3      | Reached skill level 1 in Evocations
  1912 | D:3      | Reached XP level 4. HP: 26/41 MP: 2/7
  1912 | D:3      | Reached XP level 5. HP: 30/47 MP: 2/8
  2021 | D:3      | Noticed Natasha
  2028 | D:3      | Killed Natasha
  2295 | D:3      | Noticed Natasha
  2301 | D:3      | Killed Natasha
  2302 | D:3      | Reached skill level 5 in Invocations
  2302 | D:3      | Reached XP level 6. HP: 53/53 MP: 3/9
  2619 | D:3      | Noticed Natasha
  2630 | D:3      | Killed Natasha
  2996 | D:4      | Reached skill level 5 in Axes
  2996 | D:4      | Reached skill level 5 in Armour
  3006 | D:4      | Reached XP level 7. HP: 18/59 MP: 3/10
  3011 | D:4      | Slain by a killer bee

Illustrated notes

Levels and vault maps discovered:
D:1:      pf_arrival_petrified_forest, layout_rooms,
          chequers_ecumenical_altar_twisty
D:2:      layout_loops_ring, serial_shops, shop
D:3:      layout_basic, chequers_serial_rivers_small_b, minivault_24,
          grunt_decor_mini_mirrors, dk_noncrumbling_4, corexii_corridor_pit,
          kennysheep_generic_room_16, uniq_natasha
D:4:      layout_loops_ring, minmay_goblin_kobold_house

Skill      XL: |  1  2  3  4  5  6 |
---------------+-------------------+-----
Short Blades   | 1 2 |  2.2
Long Blades    | 1 2 |  2.2
Maces & Flails | 1 2 |  2.2
Polearms       | 1 2 |  2.2
Staves         | 1 2 |  2.2
Slings         | 1 2 |  2.2
Bows           | 1 2 |  2.2
Crossbows      | 1 2 |  2.2
Throwing       | 1 2 |  2.2
Stealth        | 1 2 |  2.2
Shields        | 1 2 |  2.2
Unarmed Combat | 1 2 |  2.2
Spellcasting   | 1 2 |  2.2
Conjurations   | 1 |  1.8
Hexes          | 1 |  1.8
Summonings     | 1 |  1.8
Necromancy     | 1 |  1.8
Translocations | 1 |  1.8
Transmutations | 1 |  1.8
Fire Magic     | 1 |  1.8
Ice Magic      | 1 |  1.8
Air Magic      | 1 |  1.8
Earth Magic    | 1 |  1.8
Poison Magic   | 1 |  1.8
Evocations     | 1 2 |  2.2
Dodging        | 3 |  3.4
Invocations    | 5 |  5.2
Axes           | 5 |  5.1
Armour         | 5 |  5.1
Fighting       | |  6.9

Action                   |  1- 3 |  4- 6 |  7- 9 || total
-------------------------+-------+-------+-------++-------
Melee: Hand axe          |   118 |    59 |     6 ||   183
       Bite              |    10 |     4 |       ||    14
       Punch             |     2 |     1 |       ||     3
Throw: Dart              |     5 |       |       ||     5
Invok: Depart the Abyss  |     1 |       |       ||     1
  Use: Scroll            |     5 |     2 |       ||     7
       Potion            |     1 |     1 |       ||     2
Armor: Leather armour    |    36 |       |       ||    36
       Plate armour      |    37 |    61 |     7 ||   105
Dodge: Dodged            |    65 |    29 |     1 ||    95
Block: Other             |     3 |    17 |     1 ||    21
       Reflection        |       |     1 |       ||     1

Table legend: (Time is in decaauts)
 A = Elapsed time spent in this place.
 B = Non-inter-level travel time spent in this place.
 C = Inter-level travel time spent in this place.
 D = Time resting spent in this place.
 E = Time spent auto-exploring this place.
 F = Levels seen in this place.
 G = Mean time per level.
                   A        B        C        D        E       F      G
               +--------+--------+--------+--------+--------+-----+--------+
         Total |   3032 |   2989 |     43 |      0 |   2469 |   5 |  606.4 |
       Dungeon |   3032 |   2989 |     43 |      0 |   2469 |   4 |  758.0 |
         Abyss |      0 |      0 |      0 |      0 |      0 |   1 |    0.0 |
               +--------+--------+--------+--------+--------+-----+--------+

Top non-repeatable levels by time:
     D:3: 1154 daAuts
     D:1: 815 daAuts
     D:2: 784 daAuts
     D:4: 277 daAuts
